Match 44694100
Unlisted

Match 44694100
End
Kettenkrad Recon Vehicle
Construct Infanterie Kompanie
Selects Luftwaffe Battlegroup
Selects Luftwaffe Pioneer Support
MG 42 Machine Gun Team
Fallschirmpioneer Squad Paradrop
Grenadier Squad
Construct Luftwaffe Kompanie
221 Scout Car
Jäger Squad
Jäger Squad
Support Elements
Selects Stuka Strafing Run
Selects Fallschirmjäger Squad Paradrop
Wirbelwind Flakpanzer
Selects Stuka Loiter
Fallschirmjäger Squad Paradrop
Construct Panzer Kompanie
Medical Bunker
Panzer IV Medium Tank
BATPIMP
Mustache and Melons
Seppun
橘橘橘一
0
0

Comments sign in to comment!

No comments posted yet!